 Dungeon Crawl Stone Soup version 0.18.1-48-g4cf74bf (webtiles) character file.

585 Alarkh the Poker (level 7, -1/50 HPs)
             Began as a Mummy Skald on July 28, 2016.
             Killed by divine providence
             ... invoked by an orc priest
              (12 damage)
             ... on level 5 of the Dungeon.
             The game lasted 00:05:41 (3393 turns).

Alarkh the Poker (Mummy Skald)                      Turns: 3393, Time: 00:05:41

Health: -1/50      AC:  5    Str: 15    XL:     7   Next: 15%
Magic:  4/10       EV: 11    Int: 13    God:
Gold:   211        SH:  0    Dex: 12    Spells: 3 memorised, 4 levels left

rFire  x . .     SeeInvis .     a - +0 spear
rCold  + . .     Gourm    .     b - +0 leather armour
rNeg   + + +     Faith    +     (no shield)
rPois  ∞         Spirit   .     m - +0 helmet
rElec  .         Dismiss  .     (no cloak)
rCorr  .         Reflect  .     (no gloves)
SustAt .         Harm     .     f - +0 pair of boots
MR     +....                    h - amulet of faith
Stlth  +.........               (no ring)
                                d - ring of protection from magic

@: infused, somewhat resistant to hostile enchantments, very unstealthy
A: no food or potions, fire vulnerability, cold resistance 1, negative energy
resistance 3, torment resistance, unbreathing
a: no special abilities


You were on level 5 of the Dungeon.
You were not hungry.

You visited 1 branch of the dungeon, and saw 5 of its levels.

You collected 211 gold pieces.

Inventory:

Hand Weapons
 a - a +0 spear (weapon)
Armour
 b - a +0 leather armour (worn)
 e - a +0 ring mail
 f - a +0 pair of boots (worn)
 m - a +0 helmet (worn)
Jewellery
 d - a ring of protection from magic (left hand)
 h - an amulet of faith (around neck)
Wands
 n - a wand of flame (9/48)
Scrolls
 g - 3 scrolls of identify
 i - a scroll of enchant armour
 j - 2 scrolls of amnesia
 k - a scroll of fear
 l - a scroll of enchant weapon
 o - a scroll of remove curse
 p - a scroll of teleportation
Books
 c - a book of Battle

   Spells                             Type                      Level
   a - Infusion                       Charms                       1
   b - Shroud of Golubria             Charms/Translocation         2
   c - Song of Slaying                Charms                       2
   d - Spectral Weapon                Hexes/Charms                 3
   e - Regeneration                   Charms/Necromancy            3


   Skills:
 - Level 2.0 Fighting
 + Level 6.6 Polearms
 - Level 0.7 Armour
 - Level 0.7 Dodging
 - Level 2.0 Spellcasting
 - Level 2.4 Charms


You had 4 spell levels left.
You knew the following spells:

 Your Spells              Type           Power        Failure   Level  Hunger
a - Infusion              Chrm           #...         14%         1    N/A
b - Shroud of Golubria    Chrm/Tloc      #.........   30%         2    N/A
c - Spectral Weapon       Hex/Chrm       #.......     65%         3    N/A

Dungeon Overview and Level Annotations

Branches:
Dungeon (5/15)
 Temple: D:4-7

Altars:
Cheibriados
Makhleb
Vehumet
Yredelemnul
The Shining One

Annotations:
D:4 Inkary's ghost, amateur MfSk


Innate Abilities, Weirdness & Mutations

You do not eat or drink.
Your flesh is vulnerable to fire.
You are immune to poison.
Your flesh is cold resistant.
You are immune to negative energy.
You are immune to unholy pain and torment.
You can survive without breathing.


Message History

The orc hits you with a flail.
You hit the orc but do no damage.
The orc is heavily wounded.
You hit the orc but do no damage.
The orc is heavily wounded.
The orc closely misses you.
You hit the orc.
The orc is severely wounded.
The orc hits you with a flail.
You closely miss the orc.
The orc is severely wounded.
The orc priest calls down the wrath of Beogh upon you.
Beogh smites you!
* * * LOW HITPOINT WARNING * * *
You closely miss the orc.
The orc is severely wounded.
The orc closely misses you.
The orc priest calls down the wrath of Beogh upon you.
Beogh smites you!
You die...

# ###########
#.##.........########
........##<#.......
######)####............
......oo@........(.....
.#####.################
#. ##


You could see an orc priest and an orc.

Vanquished Creatures
  2 ogres
  A giant frog (D:5)
  2 hounds
  An iguana (D:4)
  Natasha (thrice) (D:2)
  A worker ant (D:4)
  Robin (D:3)
  8 adders
  A dart slug (D:3)
  A giant gecko (D:2)
  3 orcs
  12 bats
  4 giant cockroaches
  2 gnoll zombies (D:3)
  12 goblins
  11 hobgoblins
  10 jackals
  5 kobolds
  2 quokkas
  2 giant newts
  5 rats
89 creatures vanquished.

Vanquished Creatures (others)
  2 jackals (D:2)
2 creatures vanquished.

Grand Total: 91 creatures vanquished

Notes
Turn   | Place    | Note
--------------------------------------------------------------
     0 | D:1      | Alarkh the Mummy Skald began the quest for the Orb.
     0 | D:1      | Reached XP level 1. HP: 16/16 MP: 3/3
    56 | D:1      | Reached skill level 2 in Polearms
   155 | D:1      | Reached XP level 2. HP: 20/22 MP: 0/5
   289 | D:1      | Found a glowing golden altar of the Shining One.
   762 | D:2      | Found a snail-covered altar of Cheibriados.
   862 | D:2      | Reached XP level 3. HP: 23/27 MP: 0/6
   923 | D:2      | Found a radiant altar of Vehumet.
   940 | D:2      | Reached skill level 3 in Polearms
  1641 | D:3      | Reached XP level 4. HP: 33/33 MP: 2/7
  1728 | D:3      | Noticed Robin
  1786 | D:3      | Reached skill level 4 in Polearms
  1852 | D:3      | Killed Robin
  1910 | D:3      | Found a burning altar of Makhleb.
  1925 | D:3      | Reached XP level 5. HP: 31/38 MP: 0/8
  2046 | D:3      | Noticed an ogre
  2087 | D:3      | Noticed Natasha
  2109 | D:2      | Killed Natasha
  2236 | D:2      | Found a snail-covered altar of Cheibriados.
  2318 | D:2      | Noticed Natasha
  2331 | D:2      | Killed Natasha
  2331 | D:2      | Reached skill level 5 in Polearms
  2344 | D:2      | Noticed Natasha
  2350 | D:2      | Killed Natasha
  2531 | D:3      | Found a basalt altar of Yredelemnul.
  2588 | D:3      | Killed an ogre
  2588 | D:3      | Reached XP level 6. HP: 32/44 MP: 1/9
  2592 | D:3      | Learned a level 2 spell: Shroud of Golubria
  2596 | D:3      | Learned a level 3 spell: Spectral Weapon
  2862 | D:5      | Entered Level 5 of the Dungeon
  2870 | D:5      | Reached skill level 6 in Polearms
  3077 | D:4      | Reached XP level 7. HP: 18/50 MP: 0/10
  3316 | D:4      | Noticed Inkary's ghost (amateur MfSk)
  3393 | D:5      | Killed from afar by an orc priest

Skill      XL: |  1  2  3  4  5  6 |
---------------+-------------------+-----
Polearms       | 2 3 4 5 6 |  6.6
Fighting       | |  2.0
Armour         | |  0.7
Dodging        | |  0.7
Spellcasting   | |  2.0
Charms         | |  2.4

Action                   |  1- 3 |  4- 6 |  7- 9 || total
-------------------------+-------+-------+-------++-------
Melee: Spear             |   160 |   255 |    22 ||   437
 Cast: Infusion          |    24 |    23 |     3 ||    50
       Shroud of Golubri |       |     1 |       ||     1
  Use: Scroll            |     4 |     3 |       ||     7
Armor: Leather armour    |     5 |     4 |     2 ||    11
       Ring mail         |    57 |    80 |       ||   137
Dodge: Dodged            |    84 |   116 |    12 ||   212
